Map: Newkirk Precinct TE (Void)

Players

MaNa

  • Race: Protoss Protoss
  • Spawn Location: 5:00

uThermal - Winner!

  • Race: Terran Terran
  • Spawn Location: 7:00

Event: IEM XI Katowice - World Championship 2017

VOD

Have the link to the VOD?

Description

Time

  • Played on: March 3, 2017, 11:42 a.m.
  • Length: 8:18

All games in this series

Show
View Real Time Build Order
Export as new Build Order

MaNa Protoss 

Build Orders: 1 Gate Expand 

Get SALT Encoding   

  12  0:01  Probe (Chrono Boost)  
  13  0:11  Probe (Chrono Boost)  
  14  0:18  Pylon  
  14  0:22  Probe (Chrono Boost)  
  15  0:36  Gateway, Probe (Chrono Boost)  
  16  0:46  Assimilator  
  16  0:47  Probe (Chrono Boost)  
  17  0:57  Probe (Chrono Boost)  
  18  1:08  Probe (Chrono Boost)  
  19  1:21  Nexus  
  19  1:31  Cybernetics Core  
  19  1:34  Probe (Chrono Boost)  
  20  1:43  Assimilator  
  20  1:45  Probe (Chrono Boost)  
  21  1:54  Pylon  
  21  1:57  Probe (Chrono Boost)  
  22  2:08  Probe (Chrono Boost)  
  23  2:11  Adept  
  25  2:19  Mothership Core (Chrono Boost)  
  27  2:23  Warp Gate  
  27  2:33  Probe (Chrono Boost)  
  28  2:37  Probe (Chrono Boost)  
  28  2:44  Probe (Chrono Boost)  
  30  2:48  Probe (Chrono Boost)  
  30  2:49  Twilight Council  
  31  2:52  Adept  
  31  2:54  Probe (Chrono Boost)  
  35  2:58  Probe (Chrono Boost)  
  35  3:05  Probe (Chrono Boost)  
  36  3:09  Probe (Chrono Boost)  
  36  3:11  Robotics Facility  
  37  3:15  Probe (Chrono Boost)  
  37  3:19  Probe (Chrono Boost)  
  39  3:23  Resonating Glaives  
  39  3:26  Probe (Chrono Boost)  
  40  3:30  Probe (Chrono Boost)  
  40  3:36  Probe (Chrono Boost)  
  40  3:40  Gateway  
  41  3:42  Gateway  
  41  3:43  Probe (Chrono Boost)  
  42  3:49  Pylon  
  42  3:50  Probe (Chrono Boost)  
  42  3:54  Assimilator  
  42  3:55  Assimilator, Probe (Chrono Boost)  
  44  3:56  Warp Prism  
  46  4:05  Pylon  
  46  4:09  Probe x2 (Chrono Boost)  
  48  4:14  Pylon  
  48  4:19  Probe (Chrono Boost)  
  48  4:21  Probe (Chrono Boost)  
  50  4:29  Observer  
  50  4:30  Probe (Chrono Boost)  
  47  4:34  Probe (Chrono Boost)  
  47  4:40  Probe (Chrono Boost)  
  49  4:46  Probe (Chrono Boost)  
  49  4:47  Adept x3  
  49  4:50  Observer  
  49  4:51  Probe (Chrono Boost)  
  56  4:58  Probe (Chrono Boost)  
  57  5:01  Probe (Chrono Boost)  
  58  5:09  Probe (Chrono Boost)  
  58  5:12  Probe (Chrono Boost)  
  59  5:15  Sentry x2  
  59  5:20  Probe (Chrono Boost)  
  64  5:22  Probe (Chrono Boost)  
  64  5:23  Robotics Bay  
  64  5:25  Observer  
  66  5:30  Pylon, Probe (Chrono Boost)  
  66  5:33  Probe (Chrono Boost)  
  68  5:37  Pylon  
  68  5:41  Probe (Chrono Boost), Forge  
  69  5:46  Observer  
  70  5:51  Stalker x3  
  70  5:54  Blink  
  76  6:03  Pylon, Colossus  
  82  6:13  Protoss Ground Weapons Level 1  
  82  6:22  Adept x3  
  88  6:32  Gateway x2  
  88  6:34  Gateway  
  88  6:47  Pylon  
  88  6:49  Adept  
  88  6:52  Colossus  
  94  7:05  Pylon  
  94  7:10  Adept x3  
  94  7:13  Probe (Chrono Boost)  
  94  7:15  Probe (Chrono Boost)  
  82  7:30  Adept x3  
  82  7:33  Probe (Chrono Boost)  
  73  7:50  Adept x2  
  66  8:00  Adept x2  
  66  8:01  Adept  
Show
View Real Time Build Order
Export as new Build Order

uThermal Terran - Winner!

Build Orders: Reaper Expand, MMM Bio 

Get SALT Encoding   

  12  0:01  SCV  
  13  0:13  SCV  
  14  0:18  Supply Depot  
  14  0:25  SCV  
  15  0:28  Refinery  
  15  0:39  SCV  
  16  0:45  Barracks  
  16  0:52  SCV  
  17  1:04  SCV  
  18  1:16  SCV  
  19  1:32  Reaper, Orbital Command  
  20  1:45  Command Center  
  20  1:56  Factory  
  20  1:58  SCV  
  21  2:06  Barracks Reactor  
  21  2:10  SCV  
  21  2:14  Supply Depot  
  22  2:16  Refinery  
  22  2:22  SCV  
  23  2:35  SCV  
  24  2:42  Marine, Starport  
  24  2:43  Marine  
  26  2:46  Widow Mine  
  26  2:48  SCV  
  29  2:57  Orbital Command  
  29  3:00  Marine, SCV  
  29  3:01  Marine  
  32  3:12  SCV  
  33  3:20  Widow Mine, Medivac  
  33  3:21  Marine  
  33  3:23  SCV  
  33  3:24  SCV  
  40  3:35  SCV  
  40  3:37  Barracks  
  40  3:38  Supply Depot  
  40  3:40  Marine  
  41  3:42  SCV  
  41  3:45  Marine  
  41  3:47  SCV  
  44  3:50  Supply Depot  
  44  3:53  Starport Tech Lab, Factory Tech Lab  
  44  3:56  SCV  
  44  3:59  SCV  
  44  4:00  Marine  
  47  4:03  Marine  
  47  4:08  SCV  
  49  4:11  Siege Tank, SCV  
  49  4:16  Supply Depot  
  53  4:20  SCV  
  53  4:23  SCV  
  55  4:27  Marine x2  
  55  4:29  Barracks  
  57  4:32  SCV  
  57  4:35  SCV  
  59  4:39  Marine  
  59  4:40  Stimpack  
  59  4:43  Starport Tech Lab  
  59  4:44  Siege Tank, SCV  
  59  4:45  Marine, Starport Reactor  
  64  4:47  SCV  
  64  4:51  Supply Depot, Marine  
  67  4:55  Engineering Bay  
  67  4:56  SCV  
  67  4:57  Marine  
  69  5:02  SCV  
  68  5:08  SCV  
  68  5:11  Refinery  
  68  5:12  Refinery  
  69  5:14  SCV  
  69  5:20  SCV  
  69  5:21  Factory Reactor  
  69  5:23  Marine, Combat Shields  
  69  5:24  Missile Turret  
  69  5:26  SCV  
  69  5:27  Missile Turret  
  69  5:28  Terran Infantry Weapons Level 1  
  71  5:29  Marine x2  
  71  5:32  SCV  
  74  5:35  Marine  
  74  5:36  Supply Depot  
  74  5:39  SCV  
  74  5:41  Medivac  
  78  5:45  Supply Depot  
  78  5:52  Supply Depot  
  78  5:58  Marauder x2, SCV x2, Medivac  
  86  6:06  Marine, Widow Mine  
  89  6:11  Medivac  
  89  6:13  Widow Mine  
  89  6:16  Supply Depot x2, Marine  
  94  6:23  Marauder x2  
  98  6:26  Marine  
  98  6:31  Medivac  
  98  6:32  Supply Depot  
  101  6:41  Medivac  
  101  6:42  Marine  
  101  6:45  Marauder x2  
  101  6:46  Marine  
  104  6:59  Widow Mine x2, SCV  
  104  7:01  SCV  
  107  7:06  Marauder  
  107  7:08  Marine x2  
  109  7:09  Marauder  
  113  7:22  Command Center  
  113  7:28  Marauder  
  109  7:32  Marine  
  109  7:33  Marauder  
  103  7:37  Marine  
  103  7:40  Widow Mine x2  
  103  7:42  Barracks  
  103  7:43  Barracks  
  108  7:45  Medivac  
  108  7:48  Medivac  
  108  7:49  Marauder  
  106  7:59  Marine  

Tags
 
Add a new tag
Caveats
  • Supply blocks, unpowered buildings, or Contaminate may cause inaccurate times.
  • Supply counts are checked every 10 seconds.